 Dungeon Crawl Stone Soup version 0.30-a0-737-gf23d94013f (webtiles) character file.

Game seed: 6170563377816795171

3273 hikkokomori the Covert (level 10, -6/80 HPs)
             Began as a Formicid Hunter on Feb 2, 2023.
             Was a Believer of Okawaru.
             Mangled by a wyvern (10 damage)
             ... on level 8 of the Dungeon.
             The game lasted 00:09:43 (4793 turns).

hikkokomori the Covert (Formicid Hunter)            Turns: 4793, Time: 00:09:43

Health: -6/80      AC: 12    Str: 16    XL:     10   Next: 19%
Magic:  21/21      EV: 19    Int:  9    God:    Okawaru [**....]
Gold:   276        SH:  0    Dex: 21    Spells: 9/9 levels left

rFire   . . .      SeeInvis +    a - +0 shortbow
rCold   . . .      Faith    .    (no shield)
rNeg    . . .      Spirit   .    j - quicksilver dragon scales
rPois   .          Reflect  .    (helmet unavailable)
rElec   .          Harm     .    (no cloak)
rCorr   .          Rampage  .    e - +0 pair of gloves
Will    ++...                    l - +1 pair of boots
Stlth   ++++                     i - amulet of regeneration
HPRegen 1.13/turn                g - +5 ring of evasion
MPRegen 0.17/turn                d - ring of magical power

@: no status effects
A: permanent stasis, dig shafts and tunnels, antennae 3, four strong arms
a: Dig, Shaft Self, Renounce Religion, Heroism


You were on level 8 of the Dungeon.
You worshipped Okawaru.
Okawaru was pleased with you.
You visited 2 branches of the dungeon, and saw 9 of its levels.

You collected 276 gold pieces.

Inventory:

Hand Weapons
 a - a +0 shortbow (weapon)
 k - a +4 scimitar of flaming
 C - a +3 falchion
Armour
 c - a +0 leather armour
 e - a +0 pair of gloves (worn)
 j - quicksilver dragon scales (worn)
 l - a +1 pair of boots (worn)
 r - a +1 leather armour of fire resistance
Jewellery
 d - a ring of magical power (right hand)
 g - a +5 ring of evasion (left hand)
 i - an amulet of regeneration (around neck)
 v - an amulet of the acrobat
 w - a ring of fire
 A - an amulet of faith
Wands
 m - a wand of roots (6)
 z - a wand of mindburst (6)
 B - a wand of polymorph (9)
 D - a wand of flame (9)
Scrolls
 b - a scroll of immolation
 h - a scroll of fear
 n - 2 scrolls of identify
 q - a scroll of blinking {unknown}
 t - 2 scrolls of poison
 u - a scroll of enchant armour {unknown}
 x - a scroll of enchant weapon {unknown}
 y - a scroll of magic mapping
Potions
 f - a potion of curing
 o - 2 potions of brilliance {unknown}
 p - a potion of flight


   Skills:
 + Level 7.9 Fighting
 + Level 8.0 Ranged Weapons
 - Level 5.8 Dodging
 - Level 8.0 Stealth
 + Level 3.4 Invocations
 + Level 3.1 Evocations


You had 9 spell levels left.
You didn't know any spells.
Your spell library contained the following spells:

 Spells                   Type           Power      Damage    Failure   Level
 Apportation              Tloc           0%         N/A       61%         1
 Foxfire                  Conj/Fire      0%         2x1d4     61%         1
 Lesser Beckoning         Tloc           0%         N/A       75%         2
 Sublimation of Blood     Necr           0%         N/A       75%         2
 Gell's Gravitas          Tloc           0%         N/A       93%         3
 Inner Flame              Hex/Fire       0%         N/A       93%         3
 Portal Projectile        Hex/Tloc       0%         N/A       93%         3
 Teleport Other           Tloc           0%         N/A       93%         3
 Flame Wave               Conj/Fire      0%         2d4       100%        4
 Petrify                  Tmut/Erth      0%         N/A       100%        4
 Sticky Flame             Conj/Fire      0%         2d3       100%        4
 Alistair's Intoxication  Tmut/Pois      0%         N/A       100%        5
 Blade Hands              Tmut           0%         N/A       100%        5
 Fireball                 Conj/Fire      0%         3d3       100%        5
 Irradiate                Conj/Tmut      0%         3d11      100%        5
 Starburst                Conj/Fire      0%         6d3       100%        6
 Tukima's Dance           Hex            Unusable   N/A       N/A         3

Dungeon Overview and Level Annotations

Branches:
Dungeon (8/15)             Temple (1/1) D:6
   Lair: D:8-11

Altars:
Ashenzari
Cheibriados
Dithmenos
Fedhas
Gozag
Hepliaklqana
Kikubaaqudgha
Makhleb
Nemelex Xobeh
Okawaru
Qazlal
Ru
Sif Muna
Trog
Uskayaw
Vehumet
Wu Jian
Xom
Yredelemnul
Zin
The Shining One

Shops:
D:1 :


Innate Abilities, Weirdness & Mutations

You cannot be hasted, slowed, berserked, paralysed or teleported.
You can dig through walls and to a lower floor.
You have a pair of large antennae on your head. (SInv)
Your four strong arms can wield two-handed weapons with a shield.


Message History

You are too injured to fight recklessly!
You are too injured to fight recklessly!
You are too injured to fight recklessly!
You are too injured to fight recklessly!
You are too injured to fight recklessly!
You are too injured to fight recklessly!
You are too injured to fight recklessly!
You are too injured to fight recklessly!
You are too injured to fight recklessly!
You are too injured to fight recklessly!
You are too injured to fight recklessly!
You are too injured to fight recklessly!
You are too injured to fight recklessly!
You are too injured to fight recklessly!
You are too injured to fight recklessly!
You are too injured to fight recklessly!
You are too injured to fight recklessly!
You are too injured to fight recklessly!
You are too injured to fight recklessly!
You are too injured to fight recklessly!
You are too injured to fight recklessly!
You are too injured to fight recklessly!
You are too injured to fight recklessly!
You are too injured to fight recklessly!
You shoot an arrow.
The arrow hits the orc but does no damage.
The wyvern bites you.
* * * LOW HITPOINT WARNING * * *
The orc priest invokes the aid of Beogh against you.
You resist with almost no effort. The orc closely misses you.
The white imp disappears for a moment.
The white imp gestures at you. The puff of frost hits you!
* * * LOW HITPOINT WARNING * * *
The wyvern bites you!
* * * LOW HITPOINT WARNING * * *
You shoot an arrow.
The arrow hits the orc but does no damage.
The wyvern bites you!
You die...

..###....###.## *,,,,,,,,,,*
.#####...# #..## *?.,,,,,,,,*
........## ##..#######..,,,**,***
.....#### ##..........,,,**,*
###### ##.........***,,,*
##.........* *,,,*
#..)...<...***,,,*
#.#lo......,,,,,,*
******#+#@#######****,,*
*,......o5#*,,,,,,,,*,,* *
*****,........#*,******,*,,***
****,,,,,.........,,,,,* *,*,,,,,
+,,+,,,,,.........,,,,,* *,**,***
****,,,,,#.........,*,,***,**,*,*
* *,,,,,#.#####...,,,,,,,,**,*,,
*,,,,,#(****#####,,,,,,,**,*,*
********,*,,,,,<,,,+,,,,,,,,,,,,,


You could see a wyvern, an orc priest, a white imp and an orc.

Vanquished Creatures
  Erica (D:8)
  A wyvern (D:8)
  A steam dragon (D:6)
  2 black bears
  3 sky beasts
  An ogre (D:5)
  A boggart (D:8)
  A centaur (D:6)
  A kobold brigand (D:8)
  A phantom (D:5)
  A bullfrog (D:6)
  A gnoll sergeant (D:6)
  A necrophage (D:4)
  2 scorpions
  7 wights
  2 jellies
  2 howler monkeys (D:8)
  4 hounds
  A gnoll bouda (D:8)
  3 orc priests
  Jessica (D:2)
  Ijyb (D:3)
  Natasha (thrice) (D:2)
  An iguana (D:4)
  6 orc wizards
  4 adders
  9 gnolls
  2 white imps (D:6)
  An ufetubus (D:4)
  3 worms
  2 dart slugs
  14 orcs
  5 ball pythons
  7 endoplasms
  4 giant cockroaches
  11 goblins
  2 hobgoblins (D:1)
  6 jackals
  2 quokkas
  9 bats
  4 frilled lizards
  6 kobolds
  8 rats
148 creatures vanquished.

Vanquished Creatures (others)
  An orc (D:7)
  4 plants (D:4)
  A withered plant (D:4)
6 creatures vanquished.

Grand Total: 154 creatures vanquished

Notes
Turn   | Place    | Note
-------+----------+-------------------------------------------
     0 | D:1      | hikkokomori the Formicid Hunter began the quest for the
                  | Orb.
     0 | D:1      | Reached XP level 1. HP: 16/16 MP: 1/1
   170 | D:1      | Reached XP level 2. HP: 23/23 MP: 2/2
   539 | D:1      | Found Hyits's Book Shoppe.
   568 | D:1      | Reached XP level 3. HP: 28/28 MP: 3/3
   890 | D:2      | Noticed Jessica
   899 | D:2      | Killed Jessica
   900 | D:2      | Reached XP level 4. HP: 35/35 MP: 4/4
   998 | D:2      | Noticed Natasha
  1013 | D:2      | Killed Natasha
  1014 | D:2      | Reached XP level 5. HP: 41/41 MP: 5/5
  1039 | D:2      | Noticed Natasha
  1046 | D:2      | Killed Natasha
  1158 | D:2      | Found a stormy altar of Qazlal.
  1159 | D:2      | Noticed Natasha
  1166 | D:2      | Killed Natasha
  1357 | D:3      | Reached XP level 6. HP: 48/48 MP: 6/6
  1408 | D:3      | Reached skill level 5 in Ranged Weapons
  1605 | D:3      | Noticed Ijyb
  1611 | D:3      | Killed Ijyb
  1799 | D:3      | Found a sparkling altar of Nemelex Xobeh.
  1799 | D:3      | Found a sacrificial altar of Ru.
  2372 | D:4      | Found a blossoming altar of Fedhas.
  2373 | D:4      | Found an ancient bone altar of Kikubaaqudgha.
  2478 | D:4      | Noticed a black bear
  2491 | D:4      | Killed a black bear
  2492 | D:4      | Reached XP level 7. HP: 55/55 MP: 7/7
  2503 | D:4      | Found an opulent altar of Gozag.
  2522 | D:4      | You fall into a shaft and drop 3 floors!
  2636 | D:6      | Reached skill level 5 in Stealth
  2647 | D:6      | Found a hazy altar of Hepliaklqana.
  2675 | D:6      | Reached skill level 5 in Fighting
  2679 | D:6      | Reached XP level 8. HP: 58/62 MP: 8/8
  2683 | D:6      | Found a shimmering altar of Xom.
  2683 | D:6      | Found an opulent altar of Gozag.
  2685 | D:6      | Found a glowing golden altar of the Shining One.
  2685 | D:6      | Found a burning altar of Makhleb.
  2685 | D:6      | Found a shimmering altar of Xom.
  2702 | D:5      | Entered Level 5 of the Dungeon
  2722 | D:5      | Found a hazy altar of Hepliaklqana.
  3640 | D:6      | Found a staircase to the Ecumenical Temple.
  3746 | Temple   | Entered the Ecumenical Temple
  3764 | Temple   | Became a worshipper of Warmaster Okawaru
  3793 | D:6      | Reached skill level 5 in Dodging
  3793 | D:6      | Reached XP level 9. HP: 58/63 MP: 9/9
  3900 | D:6      | Found a glowing golden altar of the Shining One.
  4167 | D:7      | Found a broken altar of Ashenzari.
  4335 | D:7      | Reached * piety under Okawaru
  4502 | D:8      | HP: 2/72 [orc priest/+0 hand axe (2)]
  4503 | D:8      | Reached skill level 1 in Invocations
  4505 | D:8      | Reached skill level 1 in Evocations
  4625 | D:8      | Noticed Erica
  4644 | D:8      | Killed Erica
  4644 | D:8      | Reached ** piety under Okawaru
  4645 | D:8      | Reached XP level 10. HP: 9/80 MP: 12/12
  4792 | D:8      | HP: 2/80 [wyvern (7)]
  4793 | D:8      | Mangled by a wyvern

Illustrated notes

Levels and vault maps discovered:
D:1:      dpeg_arrival_concentric_ovals, layout_basic, serial_shops,
          nicolae_shop_statue_plus
D:2:      layout_rooms, basic_altar, hangedman_decor_opposing, uniq_jessica,
          uniq_natasha
D:3:      layout_basic, chequers_temple_overflow_statue_of_worship, uniq_ijyb
D:4:      layout_basic, grunt_temple_overflow_growth_and_decay,
          nicolae_gozag_cash_rules_everything_around_me
D:5:      layout_gridville, lemuel_tele_altar
D:6:      layout_rooms, doesnt_xom_only_xom, nicolae_tso_carved_into_rock,
          minmay_temple_entry_tees, serial_glass, glass_columns_b,
          glass_columns_c
D:7:      layout_cave_pools, nicolae_ashenzari_skybound,
          makhleb_altar_promises_db, grunt_qazlal_clouds,
          gammafunk_ghost_cemetery, roderic_serpentine_path
D:8:      layout_basic, nicolae_elyvilon_peaceful_grove, serial_shops, shop,
          roderic_malta_cross, uniq_erica
Temple:   hellmonk_temple_rainy

Skill      XL: |  1  2  3  4  5  6  7  8  9 10 |
---------------+-------------------------------+-----
Dodging        | 2 3 4 5 |  5.8
Stealth        | 2 3 4 5 6 8 |  8.0
Fighting       | 3 4 5 6 7 |  7.9
Ranged Weapons | 5 6 7 8 |  8.0
Invocations    | 3 |  3.4
Evocations     | 2 3 |  3.1

Action                     |  1- 3 |  4- 6 |  7- 9 | 10-12 || total
---------------------------+-------+-------+-------+-------++-------
   Fire: Shortbow          |    75 |   196 |   362 |    28 ||   661
  Evoke: Wand              |       |       |    12 |       ||    12
    Use: Scroll            |       |       |     5 |       ||     5
         Potion            |       |       |     4 |       ||     4
 Armour: Leather armour    |     3 |       |       |       ||     3
         Quicksilver drago |     2 |    36 |   103 |    23 ||   164
  Dodge: Dodged            |     7 |   127 |   338 |    68 ||   540

Table legend: (Time is in decaauts)
 A = Elapsed time spent in this place.
 B = Non-inter-level travel time spent in this place.
 C = Inter-level travel time spent in this place.
 D = Time resting spent in this place.
 E = Time spent auto-exploring this place.
 F = Levels seen in this place.
 G = Mean time per level.
                   A        B        C        D        E       F      G
               +--------+--------+--------+--------+--------+-----+--------+
         Total |   4998 |   4687 |    311 |     24 |   3323 |   9 |  555.3 |
       Dungeon |   4970 |   4670 |    300 |     24 |   3322 |   8 |  621.2 |
        Temple |     28 |     18 |     10 |      0 |      1 |   1 |   28.0 |
               +--------+--------+--------+--------+--------+-----+--------+

Top non-repeatable levels by time:
     D:4: 931 daAuts
     D:1: 733 daAuts
     D:6: 702 daAuts
     D:3: 695 daAuts
     D:5: 601 daAuts
     D:2: 575 daAuts
     D:8: 371 daAuts
     D:7: 359 daAuts
  Temple: 28 daAuts
